| TOP OF THE 1ST |
|
Shreveport Braves batting - Pitching for Dallas-Fort Worth Rangers : RHP Roy J Thomas
|
|
Pitching: RHP Roy J Thomas
|
|
|
Batting: LHB Robert Loscalzo
|
0-0: Ball 1-0: Foul Ball, location: 2F 1-1: Ball 2-1: Foul Ball, location: 2F 2-2: Foul Ball, location: 2F 2-2: Ball 3-2: SINGLE (Line Drive, 9S, EV 98.8 MPH)
|
|
Batting: RHB Alvin White
|
0-0: Ball 1-0: Foul Ball, location: 2F 1-1: Ball 2-1: Fly out, F3 (Line Drive, 3, EV 71.3 MPH)
|
|
Batting: LHB Rusty McNealy
|
0-0: SINGLE (Groundball, 56D, EV 108.8 MPH) Robert Loscalzo to second Robert Loscalzo to third
|
|
Batting: LHB Tracy Dophied
|
0-0: Ball 1-0: Swinging Strike 1-1: Called Strike 1-2: Ball Wild Pitch! Robert Loscalzo scores Rusty McNealy to second 2-2: Foul Ball, location: 2F 2-2: Foul Ball, location: 2F 2-2: Ball 3-2: DOUBLE (Line Drive, 5D, EV 99.4 MPH) Rusty McNealy scores
|
|
Batting: RHB Thomas Popovich
|
0-0: Ball 1-0: Foul Ball, location: 2F 1-1: Swinging Strike 1-2: Ball 2-2: SINGLE (Groundball, 4MD, EV 106.9 MPH) Tracy Dophied to third Runner from 3rd tries for Home, SAFE, throw by CF to home Thomas Popovich to second
|
|
Batting: SHB Michael Lessard
|
0-0: Ball 1-0: Ground out 4-3 (Groundball, 4, EV 87.5 MPH) Thomas Popovich to third
|
|
Batting: RHB Therron Harper
|
0-0: Called Strike 0-1: Fly out, F7 (Flyball, 7LM, EV 86.3 MPH)
|
| Top of the 1st over - 3 runs, 4 hits, 0 errors, 1 left on base; Shreveport 3 - Dallas-Fort Worth 0 |
| BOTTOM OF THE 1ST |
|
Dallas-Fort Worth Rangers batting - Pitching for Shreveport Braves : RHP Andre Treadway
|
|
Pitching: RHP Andre Treadway
|
|
|
Batting: RHB Phil Bradley
|
0-0: Called Strike 0-1: Ground out 5-3 (Groundball, 56, EV 86.9 MPH)
|
|
Batting: LHB Stan Levi
|
0-0: Ball 1-0: Ground out 6-3 (Groundball, 6, EV 86.9 MPH)
|
|
Batting: RHB Terry Lee
|
0-0: Ball 1-0: Ground out 3-1 (Groundball, 34S, EV 80.0 MPH)
|
| Bottom of the 1st over - 0 runs, 0 hits, 0 errors, 0 left on base; Shreveport 3 - Dallas-Fort Worth 0 |
| TOP OF THE 2ND |
|
Shreveport Braves batting - Pitching for Dallas-Fort Worth Rangers : RHP Roy J Thomas
|
|
Batting: RHB Jeff Matthews
|
0-0: Ground out 6-3 (Groundball, 6, EV 86.3 MPH)
|
|
Batting: RHB Dave Buffamoyer
|
0-0: Ball 1-0: Ground out 5-3 (Groundball, 56, EV 81.9 MPH)
|
|
Batting: LHB Robert Loscalzo
|
0-0: Called Strike 0-1: Foul Ball, location: 2F 0-2: Strikes out swinging
|
| Top of the 2nd over - 0 runs, 0 hits, 0 errors, 0 left on base; Shreveport 3 - Dallas-Fort Worth 0 |
| BOTTOM OF THE 2ND |
|
Dallas-Fort Worth Rangers batting - Pitching for Shreveport Braves : RHP Andre Treadway
|
|
Batting: LHB Mo Ching
|
0-0: Called Strike 0-1: Ball 1-1: Ball 2-1: Swinging Strike 2-2: Ball 3-2: Foul Ball, location: 2F 3-2: Strikes out swinging
|
|
Batting: RHB Dave Aponte
|
0-0: Ball 1-0: Foul Ball, location: 2F 1-1: Foul Ball, location: 2F 1-2: Ball 2-2: Ball 3-2: Base on Balls
|
|
Batting: LHB Garcia Gutierrez
|
0-0: Ball Dave Aponte steals 2nd base 1-0: Fly out, F8 (Line Drive, 8RM, EV 87.5 MPH)
|
|
Batting: RHB Steve Nicosia
|
0-0: Ball 1-0: Ball 2-0: Ball 3-0: Foul Ball, location: 2F 3-1: Base on Balls
|
|
Batting: RHB Ross Jones
|
0-0: Foul Ball, location: 2F 0-1: Ball 1-1: Ball 2-1: Called Strike 2-2: Fielders Choice at 2nd, U6 (Groundball, 6M, EV 83.8 MPH)
|
| Bottom of the 2nd over - 0 runs, 0 hits, 0 errors, 2 left on base; Shreveport 3 - Dallas-Fort Worth 0 |
| TOP OF THE 3RD |
|
Shreveport Braves batting - Pitching for Dallas-Fort Worth Rangers : RHP Roy J Thomas
|
|
Batting: RHB Alvin White
|
0-0: Called Strike 0-1: Ball 1-1: Ball 2-1: Called Strike 2-2: Ball 3-2: Strikes out swinging
|
|
Batting: LHB Rusty McNealy
|
0-0: Ball 1-0: DOUBLE (Line Drive, 7LS, EV 105.6 MPH)
|
|
Batting: LHB Tracy Dophied
|
0-0: Ball 1-0: Ball 2-0: Called Strike 2-1: Called Strike 2-2: Strikes out swinging
|
|
Batting: RHB Thomas Popovich
|
0-0: Fly out, F8 (Flyball, 8RM, EV 83.1 MPH)
|
| Top of the 3rd over - 0 runs, 1 hit, 0 errors, 1 left on base; Shreveport 3 - Dallas-Fort Worth 0 |
| BOTTOM OF THE 3RD |
|
Dallas-Fort Worth Rangers batting - Pitching for Shreveport Braves : RHP Andre Treadway
|
|
Batting: RHB Alex Zermeno
|
0-0: Called Strike 0-1: Foul Ball, location: 2F 0-2: Ball 1-2: Ground out 4-3 (Groundball, 34, EV 96.9 MPH)
|
|
Batting: RHB Phil Bradley
|
0-0: Ball 1-0: Called Strike 1-1: Ball 2-1: Ball 3-1: Called Strike 3-2: Base on Balls
|
|
Batting: LHB Stan Levi
|
0-0: Ball Phil Bradley steals 2nd base 1-0: Foul Ball, location: 2F 1-1: Fly out, F5 (Popup, 5L, EV 64.4 MPH)
|
|
Batting: RHB Terry Lee
|
0-0: Called Strike 0-1: Ball 1-1: Ball 2-1: Foul Ball, location: 2F 2-2: Ball 3-2: Strikes out looking
|
| Bottom of the 3rd over - 0 runs, 0 hits, 0 errors, 1 left on base; Shreveport 3 - Dallas-Fort Worth 0 |
| TOP OF THE 4TH |
|
Shreveport Braves batting - Pitching for Dallas-Fort Worth Rangers : RHP Roy J Thomas
|
|
Batting: SHB Michael Lessard
|
0-0: Fly out, F7 (Flyball, 78S, EV 76.9 MPH)
|
|
Batting: RHB Therron Harper
|
0-0: Ball 1-0: Ball 2-0: Foul Ball, location: 2F 2-1: SINGLE (Line Drive, 8RS, EV 105.0 MPH)
|
|
Batting: RHB Jeff Matthews
|
0-0: Ball 1-0: Foul Ball, location: 2F 1-1: Ball 2-1: Ball 3-1: Swinging Strike 3-2: Base on Balls Therron Harper to second
|
|
Batting: RHB Dave Buffamoyer
|
0-0: Foul Ball, location: 2F 0-1: Ball 1-1: Ball 2-1: Ball 3-1: Ground out 6-3 (Groundball, 6S, EV 65.6 MPH) Therron Harper to third Jeff Matthews to second
|
|
Batting: LHB Robert Loscalzo
|
0-0: Foul Ball, location: 2F 0-1: Swinging Strike 0-2: Strikes out looking
|
| Top of the 4th over - 0 runs, 1 hit, 0 errors, 2 left on base; Shreveport 3 - Dallas-Fort Worth 0 |
| BOTTOM OF THE 4TH |
|
Dallas-Fort Worth Rangers batting - Pitching for Shreveport Braves : RHP Andre Treadway
|
|
Batting: LHB Mo Ching
|
0-0: Ball 1-0: Foul Ball, location: 2F 1-1: Fly out, F6 (Popup, 6M, EV 67.5 MPH)
|
|
Batting: RHB Dave Aponte
|
0-0: Called Strike 0-1: Ball 1-1: Fly out, F8 (Flyball, 8LS, EV 94.4 MPH)
|
|
Batting: LHB Garcia Gutierrez
|
0-0: SINGLE (Line Drive, 78M, EV 112.5 MPH)
|
|
Batting: RHB Steve Nicosia
|
0-0: Fielders Choice at 2nd, U6 (Groundball, 6M, EV 81.3 MPH)
|
| Bottom of the 4th over - 0 runs, 1 hit, 0 errors, 1 left on base; Shreveport 3 - Dallas-Fort Worth 0 |
| TOP OF THE 5TH |
|
Shreveport Braves batting - Pitching for Dallas-Fort Worth Rangers : RHP Roy J Thomas
|
|
Batting: RHB Alvin White
|
0-0: DOUBLE (Line Drive, 7LM, EV 106.3 MPH)
|
|
Batting: LHB Rusty McNealy
|
0-0: Foul Ball, location: 2F 0-1: Ball 1-1: Swinging Strike 1-2: Strikes out swinging
|
|
Batting: LHB Tracy Dophied
|
0-0: Called Strike 0-1: Ball 1-1: Foul Ball, location: 2F 1-2: Foul Ball, location: 2F 1-2: Foul Ball, location: 2F 1-2: Strikes out swinging
|
|
Batting: RHB Thomas Popovich
|
0-0: Ball 1-0: SINGLE (Flyball, 8LS, EV 93.8 MPH) Alvin White to third Runner from 3rd tries for Home, SAFE, throw by CF to home
|
|
Batting: SHB Michael Lessard
|
0-0: Swinging Strike 0-1: Fielders Choice at 2nd, 6-4 (Groundball, 6, EV 86.3 MPH)
|
| Top of the 5th over - 1 run, 2 hits, 0 errors, 1 left on base; Shreveport 4 - Dallas-Fort Worth 0 |
| BOTTOM OF THE 5TH |
|
Dallas-Fort Worth Rangers batting - Pitching for Shreveport Braves : RHP Andre Treadway
|
|
Batting: RHB Ross Jones
|
0-0: Foul Ball, location: 2F 0-1: Ball 1-1: Called Strike 1-2: Foul Ball, location: 2F 1-2: Ball 2-2: Foul Ball, location: 2F 2-2: Foul Ball, location: 2F 2-2: Ball 3-2: Ground out 6-3 (Groundball, 6, EV 91.9 MPH)
|
|
Batting: RHB Alex Zermeno
|
0-0: Fly out, F8 (Flyball, 8RD, EV 100.6 MPH)
|
|
Batting: RHB Phil Bradley
|
0-0: Foul Ball, location: 2F 0-1: Ball 1-1: SINGLE (Line Drive, 8RS, EV 87.5 MPH)
|
|
Batting: LHB Stan Levi
|
0-0: Fielders Choice at 2nd, 6-4 (Groundball, 6, EV 80.6 MPH)
|
| Bottom of the 5th over - 0 runs, 1 hit, 0 errors, 1 left on base; Shreveport 4 - Dallas-Fort Worth 0 |
| TOP OF THE 6TH |
|
Shreveport Braves batting - Pitching for Dallas-Fort Worth Rangers : RHP Roy J Thomas
|
|
Batting: RHB Therron Harper
|
0-0: Called Strike 0-1: Ball 1-1: Swinging Strike 1-2: Ground out 6-3 (Groundball, 6, EV 80.6 MPH)
|
|
Batting: RHB Jeff Matthews
|
0-0: Foul Ball, location: 2F 0-1: Ground out 1-3 (Groundball, 13, EV 68.8 MPH)
|
|
Batting: RHB Dave Buffamoyer
|
0-0: Called Strike 0-1: Ball 1-1: Ground out 6-3 (Groundball, 6, EV 94.4 MPH)
|
| Top of the 6th over - 0 runs, 0 hits, 0 errors, 0 left on base; Shreveport 4 - Dallas-Fort Worth 0 |
| BOTTOM OF THE 6TH |
|
Dallas-Fort Worth Rangers batting - Pitching for Shreveport Braves : RHP Andre Treadway
|
|
Batting: RHB Terry Lee
|
0-0: Called Strike 0-1: Ball 1-1: Fly out, F7 (Flyball, 7D, EV 106.9 MPH)
|
|
Batting: LHB Mo Ching
|
0-0: Foul Ball, location: 2F 0-1: Called Strike 0-2: SINGLE (Flyball, 78S, EV 86.9 MPH)
|
|
Batting: RHB Dave Aponte
|
0-0: Fly out, F4 (Popup, 4S, EV 85.6 MPH)
|
|
Batting: LHB Garcia Gutierrez
|
0-0: Ball 1-0: Swinging Strike 1-1: Fly out, F9 (Line Drive, 9, EV 96.3 MPH)
|
| Bottom of the 6th over - 0 runs, 1 hit, 0 errors, 1 left on base; Shreveport 4 - Dallas-Fort Worth 0 |
| TOP OF THE 7TH |
|
Shreveport Braves batting - Pitching for Dallas-Fort Worth Rangers : RHP Roy J Thomas
|
|
Batting: LHB Robert Loscalzo
|
0-0: Foul Ball, location: 2F 0-1: DOUBLE (Line Drive, 7LD, EV 110.0 MPH)
|
|
Batting: RHB Alvin White
|
0-0: Ball 1-0: Swinging Strike 1-1: Ground out 6-3 (Groundball, 6M, EV 81.3 MPH) Robert Loscalzo to third
|
|
Batting: LHB Rusty McNealy
|
0-0: Ball 1-0: Ball 2-0: Foul Ball, location: 2F 2-1: Foul Ball, location: 2F 2-2: Ball 3-2: Fly out, F5 (Popup, 5S, EV 79.4 MPH)
|
|
Batting: LHB Tracy Dophied
|
0-0: Intentional Walk
|
|
Batting: RHB Thomas Popovich
|
0-0: Ball 1-0: Ball 2-0: Fielders Choice at 2nd, 5-4 (Groundball, 56, EV 105.0 MPH)
|
| Top of the 7th over - 0 runs, 1 hit, 0 errors, 2 left on base; Shreveport 4 - Dallas-Fort Worth 0 |
| BOTTOM OF THE 7TH |
|
Dallas-Fort Worth Rangers batting - Pitching for Shreveport Braves : RHP Andre Treadway
|
|
Batting: RHB Steve Nicosia
|
0-0: Ball 1-0: DOUBLE (Line Drive, 9LD, EV 111.9 MPH)
|
|
Batting: RHB Ross Jones
|
0-0: Ball 1-0: Foul Ball, location: 2F 1-1: Swinging Strike 1-2: Ball 2-2: Fly out, F9 (Flyball, 9LD, EV 94.4 MPH) Runner from 2nd tags up, SAFE at 3rd, no throw by RF
|
|
Batting: RHB Alex Zermeno
|
0-0: Ball 1-0: Foul Ball, location: 2F 1-1: Ground out 4-3 (Groundball, 4, EV 88.8 MPH) Steve Nicosia scores
|
|
Batting: RHB Phil Bradley
|
0-0: Ball 1-0: Ball 2-0: Called Strike 2-1: Ground out 6-3 (Groundball, 56, EV 110.6 MPH)
|
| Bottom of the 7th over - 1 run, 1 hit, 0 errors, 0 left on base; Shreveport 4 - Dallas-Fort Worth 1 |
| TOP OF THE 8TH |
|
Shreveport Braves batting - Pitching for Dallas-Fort Worth Rangers : RHP Roy J Thomas
|
|
Batting: SHB Michael Lessard
|
0-0: Called Strike 0-1: Ball 1-1: Swinging Strike 1-2: Ball 2-2: Foul Ball, location: 2F 2-2: Foul Ball, location: 2F 2-2: Strikes out swinging
|
|
Batting: RHB Therron Harper
|
0-0: Ball 1-0: Called Strike 1-1: Ball 2-1: Ground out 4-3 (Groundball, 4, EV 91.3 MPH)
|
|
Batting: RHB Jeff Matthews
|
0-0: Ball 1-0: Swinging Strike 1-1: Ball 2-1: Ball 3-1: Base on Balls
|
|
Batting: RHB Dave Buffamoyer
|
0-0: Foul Ball, location: 2F 0-1: Swinging Strike 0-2: Ball 1-2: Ball 2-2: Foul Ball, location: 2F 2-2: Ball 3-2: Strikes out swinging
|
| Top of the 8th over - 0 runs, 0 hits, 0 errors, 1 left on base; Shreveport 4 - Dallas-Fort Worth 1 |
| BOTTOM OF THE 8TH |
|
Dallas-Fort Worth Rangers batting - Pitching for Shreveport Braves : RHP Andre Treadway
|
|
Batting: LHB Stan Levi
|
0-0: Called Strike 0-1: Foul Ball, location: 2F 0-2: Ball 1-2: SOLO HOME RUN (Flyball, 9LD, EV 99.4 MPH), Distance : 346 ft
|
|
Batting: RHB Terry Lee
|
0-0: Fly out, F6 (Popup, 6S, EV 71.9 MPH)
|
|
Batting: LHB Mo Ching
|
0-0: Ball 1-0: Called Strike 1-1: Swinging Strike 1-2: Ground out 4-3 (Groundball, 4, EV 79.4 MPH)
|
|
Batting: RHB Dave Aponte
|
0-0: Called Strike 0-1: Foul Ball, location: 2F 0-2: Ground out 5-3 (Groundball, 56, EV 106.9 MPH)
|
| Bottom of the 8th over - 1 run, 1 hit, 0 errors, 0 left on base; Shreveport 4 - Dallas-Fort Worth 2 |
| TOP OF THE 9TH |
|
Shreveport Braves batting - Pitching for Dallas-Fort Worth Rangers : RHP Roy J Thomas
|
|
Pitching: RHP Luis Cardenas
|
|
|
Batting: LHB Robert Loscalzo
|
0-0: Ground out 4-3 (Groundball, 4S, EV 66.9 MPH)
|
|
Batting: RHB Alvin White
|
0-0: Called Strike 0-1: Ball 1-1: Foul Ball, location: 2F 1-2: Ball 2-2: Strikes out swinging
|
|
Batting: LHB Rusty McNealy
|
0-0: Called Strike 0-1: Swinging Strike 0-2: Strikes out swinging
|
| Top of the 9th over - 0 runs, 0 hits, 0 errors, 0 left on base; Shreveport 4 - Dallas-Fort Worth 2 |
| BOTTOM OF THE 9TH |
|
Dallas-Fort Worth Rangers batting - Pitching for Shreveport Braves : RHP Andre Treadway
|
|
Pitching: LHP Lee Belanger
|
|
|
Batting: LHB Garcia Gutierrez
|
0-0: Foul Ball, location: 2F 0-1: Called Strike 0-2: Strikes out swinging
|
|
Batting: RHB Steve Nicosia
|
0-0: Fly out, F9 (Line Drive, 9, EV 92.5 MPH)
|
|
Batting: RHB Ross Jones
|
0-0: Ball 1-0: Ground out 6-3 (Groundball, 6M, EV 80.6 MPH)
|
| Bottom of the 9th over - 0 runs, 0 hits, 0 errors, 0 left on base; Shreveport 4 - Dallas-Fort Worth 2 |
|